 Dungeon Crawl Stone Soup version 0.25.1-2-g60ff931df9 (console) character file.

Game seed: 10904198782592615512

322 DayCrawler the Cudgeler (level 6, -8/61 HPs)
             Began as a Troll Berserker on Oct 26, 2020.
             Was a Priest of Trog.
             Mangled by an ogre
             ... wielding a +0 giant spiked club
              (22 damage)
             ... on level 4 of the Dungeon on Oct 29, 2020.
             The game lasted 00:20:40 (2957 turns).

DayCrawler the Cudgeler (Troll Berserker)           Turns: 2957, Time: 00:20:40

Health: -8/61      AC:  6    Str: 27    XL:     6   Next: 22%
Magic:  5/5        EV: 11    Int:  3    God:    Trog [***...]
Gold:   188        SH:  0    Dex: 10    Spells: 5/5 levels left

rFire    . . .     SeeInvis .   a - +0 mace
rCold    . . .     Gourm    +   (no shield)
rNeg     . . .     Faith    .   b - +0 animal skin
rPois    .         Spirit   .   (helmet restricted)
rElec    .         Reflect  .   (no cloak)
rCorr    .         Harm     .   (gloves unavailable)
MR       .....                  (boots unavailable)
Stlth    +.........             h - amulet of regeneration
HPRegen  1.00/turn              (no ring)
MPRegen  0.09/turn              (no ring)

@: no status effects
A: large, unfitting armour, claws 3, fast metabolism 3, gourmand, regeneration
1, shaggy fur 1, tough skin 3
a: Berserk, Trog's Hand, Renounce Religion


You were on level 4 of the Dungeon.
You worshipped Trog.
Trog was most pleased with you.
You were very full.

You visited 1 branch of the dungeon, and saw 4 of its levels.

You collected 188 gold pieces.

Inventory:

Hand Weapons
 a - a +0 mace (weapon)
Armour
 b - a +0 animal skin (worn)
Jewellery
 h - an amulet of regeneration (around neck)
 r - an uncursed amulet of faith
 v - an uncursed ring of ice {unknown}
Wands
 l - a wand of disintegration (18)
 o - a wand of polymorph (6)
Scrolls
 d - 7 scrolls of teleportation
 f - 2 scrolls of noise {unknown}
 i - 2 scrolls of immolation {unknown}
 j - a scroll of remove curse {unknown}
 k - a scroll of enchant weapon {unknown}
 p - 2 scrolls of identify
 u - a scroll of magic mapping {unknown}
Potions
 e - a potion of curing
 g - a potion of cancellation
 m - 2 potions of degeneration {unknown}
 n - a potion of brilliance {unknown}
 q - 2 potions of ambrosia {unknown}
 t - a potion of lignification {unknown}
Comestibles
 c - 10 rations
 s - 11 chunks of flesh


   Skills:
 + Level 3.4 Fighting
 + Level 4.8 Maces & Flails
 + Level 3.5 Dodging
 + Level 0.4 Stealth


You had 5 spell levels left.
You didn't know any spells.
Your spell library was empty.

Dungeon Overview and Level Annotations

Branches:
Dungeon (4/15)
 Temple: D:4-7

Altars:
Dithmenos
Makhleb
Ru
Vehumet
Wu Jian
Zin


Innate Abilities, Weirdness & Mutations

You are too large for most types of armour.
You have claws for hands.
Your metabolism is lightning-fast.
You like to eat raw meat.
Your natural rate of healing is unusually fast.
You are covered in fur. (AC +1)
You have extremely tough skin. (AC +3)


Message History

You hit something but do no damage. Something hits you.
* * * LOW HITPOINT WARNING * * *
You closely miss something.
You hear some strange, mumbled words.
A puff of flame appears from out of thin air!
The puff of flame hits you.
* * * LOW HITPOINT WARNING * * *
You hear some strange, mumbled words.
A puff of frost appears from out of thin air!
The puff of frost hits you.
* * * LOW HITPOINT WARNING * * *
You thump something! Trog accepts your kill.
Trog appreciates your killing of a magic user.
Reactivating autopickup.
You feel a bit more experienced.
You hit the ogre.
The ogre is lightly wounded.
The ogre hits you with a +0 giant spiked club!!
You die...

#####################
####
.....................
....
#############.#..>##
#.. #......# #.#
#..##.########.#
#.....รทรท.......#
#....###.#####.##(#
####. #@# #<.....####
#. #O#####.##....# ..
##wo........#### #.
#....##...)..# ..
#....##......#
#............#
......#(#######
#..#..###.# #......
... ..O.##. .####
.#.. #.#.


You could see an ogre, a worm and an orc.

Vanquished Creatures
  A crimson imp (D:3)
  An orc priest (D:4)
  A bullfrog skeleton (D:4)
  2 orc wizards (D:4)
  Jessica (D:2)
  Robin (D:2)
  4 adders (D:2)
  An ooze (D:1)
  2 worms
  4 leopard geckos
  7 bats
  5 giant cockroaches
  14 goblins
  10 hobgoblins
  11 jackals
  A quokka (D:2)
  A ball python (D:2)
  4 frilled lizards
  8 kobolds
  5 rats
84 creatures vanquished.

Notes
Turn   | Place    | Note
-------+----------+-------------------------------------------
     0 | D:1      | DayCrawler the Troll Berserker began the quest for the Orb.
     0 | D:1      | Reached XP level 1. HP: 22/22 MP: 0/0
   137 | D:1      | Reached XP level 2. HP: 29/29 MP: 1/1
   235 | D:1      | Reached skill level 3 in Maces & Flails
   446 | D:1      | Reached XP level 3. HP: 33/36 MP: 2/2
   458 | D:1      | Reached ** piety under Trog
   586 | D:2      | Found a sacrificial altar of Ru.
  1012 | D:2      | Noticed Robin
  1024 | D:2      | Found a shadowy altar of Dithmenos.
  1042 | D:2      | Reached XP level 4. HP: 24/44 MP: 3/3
  1053 | D:2      | Killed Robin
  1407 | D:2      | Noticed Jessica
  1421 | D:2      | Killed Jessica
  1421 | D:2      | Reached skill level 4 in Maces & Flails
  1486 | D:2      | Reached XP level 5. HP: 47/53 MP: 4/4
  1899 | D:3      | Found a radiant altar of Vehumet.
  1900 | D:3      | Found a burning altar of Makhleb.
  2212 | D:3      | Found a glowing silver altar of Zin.
  2786 | D:4      | Found an ornate altar of the Wu Jian Council.
  2792 | D:4      | Reached *** piety under Trog
  2927 | D:4      | Noticed an ogre
  2946 | D:4      | Reached XP level 6. HP: 24/61 MP: 5/5
  2957 | D:4      | Mangled by an ogre

Illustrated notes

Levels and vault maps discovered:
D:1:      lightli_arrival_farm, layout_rooms
D:2:      layout_basic, nicolae_ru_great_annihilating_truth,
          nicolae_overflow_crystal_walls, grunt_ministairs_11,
          item_on_display_a, uniq_robin, uniq_jessica
D:3:      layout_basic, grunt_temple_overflow_lords_of_destruction, zin_statuary
D:4:      layout_basic, old_standard_altar, lemuel_doored_altar, first_ration,
          minmay_statues_item

Skill      XL: |  1  2  3  4 |
---------------+-------------+-----
Maces & Flails | 3 4 |  4.8
Dodging        | 3 |  3.5
Fighting       | 3 |  3.4
Stealth        | |  0.4

Action                   |  1- 3 |  4- 6 || total
-------------------------+-------+-------++-------
Melee: Mace              |   117 |   159 ||   276
  Use: Potion            |       |     3 ||     3
       Scroll            |       |     2 ||     2
 Stab: Paralysed         |     1 |       ||     1
       Sleeping          |       |     1 ||     1
  Eat: Chunk             |    15 |    18 ||    33
Armor: Animal skin       |    71 |    62 ||   133
Dodge: Dodged            |   101 |    91 ||   192
